 Dungeon Crawl Stone Soup version 0.30.1-11-g7821555f0a (webtiles) character file.

Game seed: 1698528889461565564

65 Dillybarz the Covered (level 3, -1/33 HPs)
             Began as a Minotaur Fighter on Dec 5, 2023.
             Slain by a gnoll
             ... wielding a +0 halberd
              (8 damage)
             ... on level 2 of the Dungeon.
             The game lasted 00:03:24 (970 turns).

Dillybarz the Covered (Minotaur Fighter)             Turns: 970, Time: 00:03:25

Health: -1/33      AC:  8    Str: 22    XL:     3   Next: 94%
Magic:  2/2        EV:  9    Int:  5    God:
Gold:   51         SH:  4    Dex:  9    Spells: 2/2 levels left

rFire   . . .        a - +0 war axe
rCold   . . .        c - +0 buckler
rNeg    . . .        b - +0 scale mail
rPois   .            (helmet restricted)
rElec   .            (no cloak)
rCorr   .            k - +0 pair of gloves
SInv    .            (no boots)
Will    .....        (no amulet) Stlth
                     (no ring)
HPRegen 0.25/turn    (no ring)
MPRegen 0.08/turn

%: no passive effects
@: no status effects
A: horns 2, retaliatory headbutt
a: no special abilities


You were on level 2 of the Dungeon.
You visited 1 branch of the dungeon, and saw 2 of its levels.

You collected 51 gold pieces.

Inventory:

Hand Weapons
 a - a +0 war axe (weapon)
Missiles
 f - 10 stones (quivered)
 g - 3 poisoned darts
Armour
 b - a +0 scale mail (worn)
 c - a +0 buckler (worn)
 k - a +0 pair of gloves (worn)
Scrolls
 e - a scroll of poison {unknown}
 j - a scroll of vulnerability {unknown}
Potions
 d - a potion of might
 h - a potion of brilliance {unknown}
 i - a potion of curing {unknown}
 l - a potion of flight {unknown}


   Skills:
 + Level 4.2 Fighting
 * Level 3.7 Axes
 + Level 4.2 Armour
 + Level 4.1 Shields


You had 2 spell levels left.
You didn't know any spells.
Your spell library contained the following spells:

 Spells                   Type           Power      Damage    Failure   Level
 Blade Hands              Tmut           0%         N/A       100%        5
 Irradiate                Conj/Tmut      0%         3d11      100%        5
 Dragon Form              Tmut           0%         N/A       100%        7


Dungeon Overview and Level Annotations

Branches:
Dungeon (2/15)

Altars:

Shops:
D:1 *


Innate Abilities, Weirdness & Mutations

You have a pair of horns on your head.
You reflexively headbutt those who attack you in melee.


Message History

You barely miss the gnoll.
The gnoll is lightly wounded.
You closely miss the gnoll. The gnoll hits you but does no damage.
You block the gnoll's attack. The gnoll hits you but does no damage.
You hit the gnoll.
The gnoll is heavily wounded.
You slash the gnoll! The gnoll completely misses you.
The gnoll hits you with a +0 club. x2; The gnoll hits you but does no damage.
The gnoll hits you with a +0 club. The gnoll closely misses you.
You closely miss the gnoll.
The gnoll is severely wounded.
You slash the gnoll!
You kill the gnoll!
The gnoll misses you.
You hit the gnoll.
You kill the gnoll!
The gnoll hits you from afar with a +0 halberd.
You closely miss the gnoll. The gnoll closely misses you.
The gnoll hits you with a +0 club. The gnoll hits you but does no damage.
The gnoll closely misses you.
You slash the gnoll!
You kill the gnoll!
The gnoll hits you from afar with a +0 halberd.
You hit the frilled lizard.
You kill the frilled lizard!
The gnoll barely misses you. The gnoll completely misses you.
You block the kobold's attack.
You hit the kobold.
The kobold is severely wounded.
The gnoll hits you from afar with a +0 halberd.
The kobold hits you but does no damage.
You barely miss the kobold.
The kobold is severely wounded.
The gnoll hits you from afar with a +0 halberd.
* * * LOW HITPOINT WARNING * * *
The kobold hits you but does no damage.
You barely miss the kobold.
The kobold is severely wounded.
The gnoll hits you from afar with a +0 halberd!
You die...

# ####### #.#
#.# ...!..#
...##.# .......
....#.# ......#
..#...##......#
.....gK).......
#.#@......#
###.#.......[
#..<..†......
#.....#.....#
#.......#####
.......###
..........
########...
#....


You could see a gnoll and a kobold.

Vanquished Creatures
  3 gnolls (D:2)
  A dart slug (D:2)
  2 ball pythons (D:1)
  3 bats
  5 endoplasms (D:1)
  3 goblins (D:1)
  6 hobgoblins (D:1)
  4 kobolds (D:1)
  A quokka (D:1)
  2 frilled lizards
  3 rats (D:1)
33 creatures vanquished.

Notes
Turn   | Place    | Note
-------+----------+-------------------------------------------
     0 | D:1      | Dillybarz the Minotaur Fighter began the quest for the Orb.
     0 | D:1      | Reached XP level 1. HP: 19/19 MP: 0/0
   149 | D:1      | Reached XP level 2. HP: 27/27 MP: 1/1
   439 | D:1      | Reached XP level 3. HP: 33/33 MP: 2/2
   443 | D:1      | Found Feam's Assorted Antiques.
   970 | D:2      | Slain by a gnoll

Illustrated notes

Levels and vault maps discovered:
D:1:      wander_arrival_fairy_ring, layout_loops_ring, serial_shops,
          nicolae_shop_trees, chequers_serial_rivers_room_a, minivault_23,
          nrook_loot_triangle
D:2:      layout_rooms, basic_altar

Skill      XL: |  1  2 |
---------------+-------+-----
Axes           | 3 |  3.7
Shields        | 4 |  4.1
Fighting       | 4 |  4.2
Armour         | 4 |  4.2

Action                     || total
---------------------------++-------
  Melee: War axe           ||    59
         Headbutt          ||     8
 Armour: Scale mail        ||    32
  Dodge: Dodged            ||    34
  Block: Buckler           ||     9
